 Dungeon Crawl Stone Soup version 0.18.1-8-gdd0e5ea (webtiles) character file.

11867 nikopol the Spear-Bearer (level 11, -17/99 HPs)
             Began as a Minotaur Berserker on May 30, 2016.
             Was a High Priest of Trog.
             Demolished by Barrydekale's ghost (30 damage)
             ... on level 3 of the Lair of Beasts.
             The game lasted 00:32:19 (11353 turns).

nikopol the Spear-Bearer (Minotaur Berserker)      Turns: 11353, Time: 00:32:19

Health: -17/99     AC: 20    Str: 23    XL:     11   Next: 54%
Magic:  10/10      EV: 17    Int:  4    God:    Trog [*****.]
Gold:   199        SH:  7    Dex: 16    Spells: 0 memorised, 10 levels left

rFire  + . .     SeeInvis .     L - +2 trident (protect)
rCold  . . .     Gourm    .     E - +7 ring mail of Autotheism {rPois rF+ Dex+4}
rNeg   . . .     Faith    .     G - +0 buckler
rPois  +         Spirit   .     (helmet restricted)
rElec  .         Dismiss  .     (no cloak)
rCorr  .         Reflect  .     D - +0 pair of gloves
SustAt .         Harm     .     (no boots)
MR     .....                    (no amulet)
Stlth  ..........               (no ring)
                                r - ring of loudness (curse)

@: not resistant to hostile enchantments, extremely unstealthy
A: retaliatory headbutt, horns 2
a: Berserk, Trog's Hand, Brothers in Arms, Burn Spellbooks, Renounce Religion


You were on level 3 of the Lair of Beasts.
You worshipped Trog.
Trog was extremely pleased with you.
You were near starving.

You visited 2 branches of the dungeon, and saw 11 of its levels.

You collected 590 gold pieces.
You spent 391 gold pieces at shops.

Inventory:

Hand Weapons
 a - a +0 spear
 s - a +0 war axe of chopping
 L - a +2 trident of protection (weapon)
 S - a +3 broad axe of chopping
 T - the +2 rapier of Temperance {pierce, Dex+2 SInv}
   (You found it on level 2 of the Lair of Beasts)

   It inflicts extra damage upon your enemies.
   It affects your dexterity (+2).
   It lets you see invisible.
Armour
 b - a +0 animal skin
 k - a +0 leather armour
 x - a +0 ring mail
 D - a +0 pair of gloves (worn)
 E - the +7 ring mail of Autotheism (worn) {rPois rF+ Dex+4}
   (You bought it in a shop on level 5 of the Dungeon)

   It affects your dexterity (+4).
   It protects you from fire.
   It protects you from poison.
 G - a +0 buckler (worn)
 K - a +2 chain mail of magic resistance
 M - a +0 shield of fire resistance
Jewellery
 r - a cursed ring of loudness (left hand)
Wands
 O - a wand of confusion (29/48)
 V - a wand of digging (10/24)
Scrolls
 d - 8 scrolls of remove curse {unknown}
 e - 4 scrolls of teleportation {unknown}
 g - a scroll of random uselessness {unknown}
 i - 3 scrolls of fog {unknown}
 j - 4 scrolls of immolation {unknown}
 o - 4 scrolls of fear {unknown}
 p - 2 scrolls of magic mapping {unknown}
 t - 2 scrolls of amnesia {unknown}
 v - a scroll of noise {unknown}
 y - 7 scrolls of identify {unknown}
 z - a scroll of blinking {unknown}
 H - a scroll of enchant weapon {unknown}
 U - a scroll of silence {unknown}
Potions
 f - 2 potions of haste {unknown}
 h - 2 potions of cancellation {unknown}
 l - 2 potions of ambrosia {unknown}
 m - 2 potions of invisibility {unknown}
 q - 2 potions of experience {unknown}
 u - 2 potions of flight {unknown}
 w - a potion of brilliance {unknown}
 A - 3 potions of curing {unknown}
 C - 2 potions of lignification {unknown}
 I - 2 potions of mutation {unknown}
 J - 2 potions of heal wounds {unknown}
 N - 2 potions of might {unknown}
 Q - 2 potions of agility {unknown}
Comestibles
 c - 5 bread rations
 n - 4 meat rations
 B - 12 fruits
 F - 2 slices of pizza
 R - a beef jerky


   Skills:
 + Level 10.1 Fighting
 - Level 6.6(9.4) Axes
 * Level 10.4(11.1) Polearms
 + Level 9.5 Armour
 + Level 9.0 Dodging
 * Level 9.4 Shields


You had 10 spell levels left.
You didn't know any spells.

Dungeon Overview and Level Annotations

Branches:
Dungeon (8/15)             Temple (0/1) D:7            Lair (3/8) D:8
  Swamp: Lair:3-6    Shoals: Lair:3-6     Snake: Lair:3-6    Spider: Lair:3-6

Altars:
Ashenzari
Cheibriados
Fedhas
Sif Muna
Trog

Shops:
D:5 *   D:7 [

Annotations:
D:5 Prince Ribbit
Lair:3 Barrydekale's ghost, journeyman MiBe


Innate Abilities, Weirdness & Mutations

You reflexively headbutt those who attack you in melee.
You have a pair of horns on your head.


Message History

Barrydekale's ghost is moderately damaged.
You hit Barrydekale's ghost.
Barrydekale's ghost is moderately damaged.
Barrydekale's ghost whispers, "Death doesn't hurt.
What you feel is life." Barrydekale's ghost hits you.
* * * LOW HITPOINT WARNING * * *
You hit Barrydekale's ghost but do no damage.
Your headbutt misses Barrydekale's ghost.
Barrydekale's ghost is moderately damaged.
Barrydekale's ghost hits you!
* * * LOW HITPOINT WARNING * * *
You hit Barrydekale's ghost but do no damage.
Barrydekale's ghost is moderately damaged.
Barrydekale's ghost hits you but does no damage.
You hit Barrydekale's ghost.
Barrydekale's ghost is moderately damaged.
You hit Barrydekale's ghost but do no damage.
Barrydekale's ghost is moderately damaged.
Barrydekale's ghost hits you!!
You die...

............"...
P................
.................
.................
...............%.
#................
#......†........#
#..?..........#
##...W@.......#
#..#....##.###
####...^## #
##......###
#.........#
##.##.#...#
###..#####....
#....# P...#
##...# ###..


You could see Barrydekale's ghost.

Vanquished Creatures
  2 hydras (Lair:1)
  An oklob plant (D:4)
  6 spiny frogs
  4 komodo dragons
  The ghost of crawlian the Firebug, a novice DEFE (D:5)
  A polar bear (Lair:1)
  Grinder (D:3)
  5 yaks
  The ghost of Shtopit the Skirmisher, an amateur CeFi (D:4)
  A basilisk (Lair:1)
  5 hippogriffs
  Edmund (D:5)
  Menkaure (D:5)
  2 hell hounds (D:8)
  2 porcupines
  8 water moccasins
  An orc warrior (D:6)
  2 ice beasts
  A phantom (D:8)
  2 black bears
  3 sky beasts
  A necrophage (D:8)
  A centaur (D:6)
  4 ogres
  3 crocodiles
  2 big kobolds (D:8)
  8 giant frogs
  A scorpion (D:8)
  An electric eel (Lair:1)
  A howler monkey (D:6)
  A crimson imp (D:8)
  3 giant frog zombies
  2 centaur zombies
  A quasit (D:7)
  4 hounds
  3 jellies
  A centaur skeleton (D:7)
  A giant frog skeleton (D:5)
  An orc priest (D:6)
  3 orc wizards
  6 iguanas
  Natasha (twice) (D:3)
  6 worker ants
  Robin (D:4)
  A howler monkey skeleton (D:5)
  23 river rats
  14 adders
  An adder zombie (D:8)
  2 adder skeletons
  7 worms
  A dart slug (D:1)
  7 giant geckos
  14 orcs
  A ball python (D:2)
  3 giant cockroaches
  17 goblins
  7 hobgoblins
  8 jackals
  14 kobolds
  3 quokkas
  8 bats
  A giant gecko skeleton (D:4)
  3 giant newts
  A jackal zombie (D:5)
  11 rats
  3 fungi (D:4)
  A plant (D:4)
259 creatures vanquished.

Notes
Turn   | Place    | Note
--------------------------------------------------------------
     0 | D:1      | nikopol the Minotaur Berserker began the quest for the Orb.
     0 | D:1      | Reached XP level 1. HP: 19/19 MP: 0/0
   234 | D:1      | Reached XP level 2. HP: 27/27 MP: 1/1
   934 | D:1      | Reached ** piety under Trog
   976 | D:1      | Reached XP level 3. HP: 27/33 MP: 2/2
  1543 | D:2      | Reached XP level 4. HP: 10/41 MP: 3/3
  1822 | D:2      | Found a shattered altar of Ashenzari.
  1822 | D:2      | Found a deep blue altar of Sif Muna.
  2226 | D:3      | Noticed Natasha
  2231 | D:3      | Killed Natasha
  2291 | D:3      | Reached *** piety under Trog
  2334 | D:3      | Reached XP level 5. HP: 42/47 MP: 4/4
  2391 | D:3      | Noticed an ogre
  2404 | D:3      | Killed an ogre
  2404 | D:3      | Reached skill level 5 in Fighting
  2573 | D:3      | Noticed Grinder
  2582 | D:3      | Paralysed by Grinder for 5 turns
  2593 | D:3      | Killed Grinder
  2593 | D:3      | Reached skill level 5 in Polearms
  2593 | D:3      | Reached XP level 6. HP: 10/56 MP: 5/5
  2978 | D:3      | Noticed Natasha
  2984 | D:3      | Killed Natasha
  3410 | D:4      | Noticed Shtopit's ghost (amateur CeFi)
  3417 | D:4      | Killed Shtopit's ghost
  3417 | D:4      | Reached skill level 5 in Armour
  3417 | D:4      | Reached XP level 7. HP: 63/63 MP: 6/6
  3502 | D:4      | Found a blossoming altar of Fedhas.
  3503 | D:4      | Noticed Robin
  3533 | D:4      | Killed Robin
  3647 | D:4      | Noticed an oklob plant
  3703 | D:4      | Killed an oklob plant
  3703 | D:4      | Reached skill level 5 in Dodging
  3703 | D:4      | Reached XP level 8. HP: 47/71 MP: 7/7
  4622 | D:5      | Entered Level 5 of the Dungeon
  4622 | D:5      | Noticed crawlian's ghost (novice DEFE)
  4627 | D:5      | Killed crawlian's ghost
  5180 | D:5      | Reached skill level 5 in Axes
  5183 | D:5      | Reached XP level 9. HP: 7/81 MP: 8/8
  5653 | D:5      | Found Izxullan's Assorted Antiques.
  5657 | D:5      | Bought a scorched ring mail for 261 gold pieces
  5668 | D:5      | Identified the +7 ring mail of Autotheism {rPois rF+ Dex+4} (You bought it in a shop on level 5 of the Dungeon)
  5697 | D:5      | Noticed Prince Ribbit
  5704 | D:5      | Found a snail-covered altar of Cheibriados.
  5756 | D:5      | You fall through a shaft for 2 floors!
  5805 | D:7      | Found Rolol's Antique Armour Emporium.
  5884 | D:7      | Reached **** piety under Trog
  5884 | D:7      | Reached skill level 1 in Shields
  6056 | D:5      | Noticed Menkaure
  6061 | D:5      | Killed Menkaure
  6275 | D:5      | Noticed Edmund
  6284 | D:5      | Killed Edmund
  7381 | D:7      | Found a staircase to the Ecumenical Temple.
  7647 | D:8      | Reached skill level 5 in Shields
  7669 | D:8      | Reached XP level 10. HP: 90/90 MP: 9/9
  7826 | D:8      | Found a staircase to the Lair.
  7875 | D:8      | Reached ***** piety under Trog
  7918 | D:8      | Found a bloodstained altar of Trog.
  8363 | D:5      | Bought a shiny shield for 130 gold pieces
  8473 | Lair:1   | Entered Level 1 of the Lair of Beasts
  8669 | Lair:1   | Noticed a spiny frog
  8681 | Lair:1   | Killed a spiny frog
  9195 | Lair:1   | Noticed a four-headed hydra
  9207 | Lair:1   | Killed a four-headed hydra
  9207 | Lair:1   | Reached XP level 11. HP: 85/99 MP: 10/10
  9637 | Lair:1   | Noticed a six-headed hydra
  9646 | Lair:1   | Killed a six-headed hydra
  9646 | Lair:1   | Received a gift from Trog
  9820 | Lair:2   | Got a fine rapier
  9821 | Lair:2   | Identified the +2 rapier of Temperance {pierce, Dex+2 SInv} (You found it on level 2 of the Lair of Beasts)
 10211 | Lair:2   | Reached skill level 10 in Polearms
 10481 | Lair:2   | Reached skill level 10 in Fighting
 11326 | Lair:3   | Noticed Barrydekale's ghost (journeyman MiBe)
 11353 | Lair:3   | Demolished by Barrydekale's ghost

Skill      XL: |  1  2  3  4  5  6  7  8  9 10 11 |
---------------+----------------------------------+-----
Fighting       | 4 5 6 7 8 9 10 | 10.1
Polearms       | 4 5 6 7 9 10 | 10.4
Dodging        | 3 4 5 6 7 8 9 |  9.0
Armour         | 3 4 5 7 9 |  9.5
Axes           | 5 6 |  6.6
Shields        | 5 8 9 |  9.4

Action                   |  1- 3 |  4- 6 |  7- 9 | 10-12 || total
-------------------------+-------+-------+-------+-------++-------
Melee: Spear             |   137 |   103 |    97 |       ||   337
       Headbutt          |    14 |    12 |    83 |   104 ||   213
       War axe           |       |       |   153 |       ||   153
       Trident           |       |       |    73 |   414 ||   487
Invok: Berserk           |       |     2 |     6 |     3 ||    11
       Burn Spellbooks   |       |       |       |     1 ||     1
  Eat: Chunk             |     2 |     7 |    12 |    14 ||    35
       Fruit             |       |       |     3 |       ||     3
       Bread ration      |       |       |     1 |       ||     1
       Pizza             |       |       |     1 |       ||     1
Armor: Animal skin       |     3 |       |       |       ||     3
       Leather armour    |    19 |     8 |       |       ||    27
       Ring mail         |       |     1 |    78 |   114 ||   193
Dodge: Dodged            |    74 |    36 |   111 |   205 ||   426
Block: Buckler           |       |       |    29 |    70 ||    99
